 Dungeon Crawl Stone Soup version 0.31.0-7-gf635a9b802 (webtiles) character file.

Game seed: 5597931905211992455

154327 Crownlay the Impaler (level 17, 0/168 HPs)
             Began as a Minotaur Berserker on Jan 24, 2024.
             Was an Elder of Trog.
             Slain by a merfolk impaler
             ... wielding a +5 trident of venom
              (6 damage)
             ... on level 4 of the Shoals.
             The game lasted 01:01:36 (32477 turns).

Crownlay the Impaler (Minotaur Berserker)          Turns: 32477, Time: 01:01:37

Health: 0/168      AC: 32    Str: 34    XL:     17   Next: 6%
Magic:  16/16      EV: 24    Int:  4    God:    Trog [****..]
Gold:   1989       SH: 12    Dex:  9    Spells: 16/16 levels left

rFire   . . .        z - +4 trident (venom)
rCold   . . .        G - +0 kite shield
rNeg    . . .        O - +8 plate armour of the Leaf {*Slow +Inv Str+3 Slay+3}
rPois   .            f - +2 hat
rElec   .            J - +0 cloak
rCorr   .            P - +2 pair of gloves
SInv    .            (no boots)
Will    ++...        S - amulet of the acrobat Stlth
                     i - ring of willpower
HPRegen 0.48/turn    (no ring)
MPRegen 0.15/turn

%: slow self (1%), acrobat
@: lethally poisoned (0 -> -32), on berserk cooldown, acrobatic, slowed, very
slow
A: horns 2, retaliatory headbutt
a: Renounce Religion, Evoke Invisibility, Berserk, Trog's Hand, Brothers in Arms


You were on level 4 of the Shoals.
You worshipped Trog.
Trog was greatly pleased with you.
You visited 4 branches of the dungeon, and saw 26 of its levels.
You also visited: Sewer and Volcano.

You collected 2913 gold pieces.
You spent 924 gold pieces at shops.

Inventory:

Hand Weapons
 z - a +4 trident of venom (weapon)
 W - a +2 broad axe of holy wrath
 Y - a +7 spear
Missiles
 m - 56 boomerangs (quivered)
 w - 3 throwing nets
 A - 7 curare-tipped darts
 D - 11 javelins
Armour
 f - a +2 hat (worn)
 s - the +0 pair of gloves "Rismytza" {Str+3}
   (You found it on level 2 of the Shoals)

   Str+3:     It affects your strength (+3).
 G - a +0 kite shield (worn)
 J - a +0 cloak (worn)
 O - the +8 plate armour of the Leaf (worn) {*Slow +Inv Str+3 Slay+3}
   (You bought it in a shop on level 6 of the Dungeon)

   Str+3:     It affects your strength (+3).
   Slay+3:    It affects your accuracy & damage with ranged weapons and melee
   (+3).
   +Inv:      It lets you turn invisible.
   *Slow:     It may slow you when you take damage.
 P - a +2 pair of gloves (worn)
Jewellery
 i - a ring of willpower (left hand)
 S - an amulet of the acrobat (around neck)
Talismans
 u - a maw talisman
Wands
 o - a wand of polymorph (22)
 B - a wand of mindburst (28)
 E - a wand of acid (2)
 F - a wand of digging (3)
 H - a wand of flame (33)
 K - a wand of roots (11)
 U - a wand of paralysis (8)
Scrolls
 b - 3 scrolls of silence
 c - 4 scrolls of blinking
 d - 3 scrolls of enchant armour
 g - 5 scrolls of fear
 j - 4 scrolls of poison
 k - 7 scrolls of amnesia
 n - 2 scrolls of vulnerability
 p - 11 scrolls of teleportation
 q - 5 scrolls of immolation
 r - a scroll of torment
 y - a scroll of enchant weapon
 Q - a scroll of butterflies
 T - a scroll of fog
Potions
 a - 8 potions of mutation
 e - 4 potions of brilliance
 h - 10 potions of curing
 l - 4 potions of attraction
 t - a potion of magic
 v - 4 potions of heal wounds
 x - a potion of berserk rage {unknown}
 C - a potion of enlightenment {unknown}
 I - 2 potions of lignification {unknown}
 L - a potion of resistance {unknown}
 N - 4 potions of might
 X - a potion of cancellation {unknown}
Miscellaneous
 M - a phantom mirror
 V - a lightning rod (4/4)


   Skills:
 * Level 19.6 Fighting
 - Level 20.0 Polearms
 + Level 9.5 Throwing
 + Level 15.5 Armour
 - Level 2.1 Dodging
 - Level 15.0 Shields
 + Level 6.0 Evocations


You had 16 spell levels left.
You didn't know any spells.
Your spell library was empty.

Dungeon Overview and Level Annotations

Branches:
Dungeon (15/15)            Temple (0/1) D:7            Lair (5/5) D:9
 Shoals (4/4) Lair:2        Snake (0/4) Lair:2        Slime (0/5) Lair:5
    Orc (2/2) D:12            Elf (0/3) Orc:2        Vaults (0/5) D:13
 Depths (0/4) D:15          Sewer (visited)         Volcano (visited)

Altars:
Ashenzari
Fedhas
Kikubaaqudgha
Nemelex Xobeh
Vehumet
Xom
Yredelemnul
Zin
The Shining One
Jiyva
Lugonu

Shops:
D:1 [   D:6 [:   D:9 [   D:13 **   Orc:2 :*[(   Shoals:3 [

Portals:
Abyss: D:13 Lair:5
Trove: D:10 (give 8 potions of haste)

Annotations:
D:13 2 transporters, Skimidon's ghost, journeyman TrMo


Innate Abilities, Weirdness & Mutations

You have a pair of horns on your head.
You reflexively headbutt those who attack you in melee.


Message History

Trog appreciates your killing of a magic user.
You hear a splash. x2
You feel extremely sick. The water nymph touches you.
The water nymph drowns you! You block the sea snake's attack.
You block the merfolk impaler's attack.
Your Evocations skill increases to level 6!
You feel extremely sick.
The sea snake attacks as it pursues you!
The sea snake completely misses you.
The merfolk impaler hits you but does no damage.
You are more poisoned.
You block the water nymph's attack. The sea snake closely misses you.
The merfolk impaler completely misses you.
The water nymph casts a spell at you. The water swirls and strikes you!
* * * LOW HITPOINT WARNING * * *
Things that are here:
a +0 rapier; a +0 robe; a merfolk corpse You are too berserk!
You feel a strong urge to attack something.
You are no longer berserk.
You are exhausted.
You feel as though you will be slow longer.
* * * LOW HITPOINT WARNING * * *
You feel extremely sick.
The sea snake attacks as it pursues you!
You block the sea snake's attack.
The merfolk impaler attacks as it pursues you!
You block the merfolk impaler's attack. x2
The water nymph attacks as it pursues you!
The water nymph touches you.
* * * LOW HITPOINT WARNING * * *
The water nymph drowns you!
* * * LOW HITPOINT WARNING * * *
Splash!
You fall into the shallow water.
Moving in this stuff is going to be slow.
The sea snake bites you but does no damage.
The merfolk impaler hits you from afar with a +5 trident of venom.
You die...

≈≈≈≈≈≈≈P~~~##..?## ~~~~~
≈≈≈≈≈≈≈~~~P#.....#~~~~~~~
≈≈≈≈≈≈≈~~~~#.."..#~~~~~~~
≈≈≈≈≈≈≈≈~~~~~~P#..... ~~~~~.~
≈≈≈≈≈≈≈≈~~~~~..##mm.##......
≈≈≈≈≈≈~~~~......##~##.....#
≈≈≈≈~~..^~.....~~~mm......#..
≈≈≈~~.######...~m)~.........#
≈≈≈~~..# ##...~@S..........#
≈≈≈~~÷÷####.~~..........~~~.#
≈~~~~.<)##..~~~........~~~~.#
≈≈~~~..÷)..~~~~~......~~~~~##
...~~~.)..~~~~~~~....~~~~~~#
....~~.~~~~~~~~~~~...~~~~~~#
....~~~..~~~~~~~~~~~~~~≈~~~~#
##.......~~~~~~~~~~~~~≈≈≈~~~~
#.~.........~~~~~~~


You could see a merfolk impaler, a sea snake, 2 merfolk and a water nymph.

Vanquished Creatures
  Gastronok (Lair:2)
  Polyphemus (Shoals:3)
  Kirke (Lair:3)
  An orc warlord (Orc:2)
  A stone giant (Volcano)
  A very ugly thing (D:15)
  Nessos (Lair:4)
  Azrael (D:13)
  The ghost of Samael12321 the Marksspriggan, a journeyman SpHu of Dithmenos (Lair:5)
  4 merfolk impalers
  An entropy weaver (shapeshifter) (D:13)
  8 vault guards
  A great orb of eyes (D:15)
  4 hydras
  Harold (D:9)
  2 satyrs
  A merfolk avatar (Shoals:3)
  3 catoblepae
  8 centaur warriors
  3 merfolk aquamancers
  2 death knights
  3 boulder beetles
  2 two-headed ogres
  9 death yaks
  3 thrashing horrors (Lair:5)
  Urug (D:12)
  An orc high priest (Orc:1)
  8 skysharks
  8 skeletal warriors
  2 large abominations (Lair:5)
  8 sea snakes
  An arcanist (D:13)
  18 harpies
  3 orc knights
  8 ugly things
  A wolf spider (D:12)
  A deep elf pyromancer (D:15)
  3 orc sorcerers (Orc:2)
  Maurice (D:11)
  9 manticores
  10 cyclopes
  A salamander (D:15)
  4 fauns (Shoals:2)
  A meliai (shapeshifter) (Lair:5)
  14 elephants
  A black mamba (shapeshifter) (D:13)
  6 black mambas
  9 merfolk sirens
  3 water nymphs
  A torpor snail (Lair:5)
  9 centaur zombies (D:11)
  A molten gargoyle (Volcano)
  22 cane toads
  2 gargoyles (Volcano)
  A smoke demon (Lair:5)
  A kobold demonologist (D:10)
  2 unseen horrors
  A rime drake (shapeshifter) (Lair:5)
  2 efreet
  5 komodo dragons
  6 trolls
  14 merfolk
  Grinder (D:6)
  A hornet (D:8)
  7 dream sheep
  3 raiju (Lair:5)
  3 wind drakes
  22 blink frogs
  4 snapping turtles
  13 slime creatures
  4 ynoxinuls (Lair:5)
  A spriggan (Lair:5)
  3 vampires
  11 water elementals
  3 shadows (D:11)
  7 wyverns
  A hog (Lair:3)
  4 fire bats (Volcano)
  62 yaks
  2 fire elementals
  4 wraiths
  A redback (shapeshifter) (D:15)
  7 basilisks
  2 vampire mosquitoes (D:10)
  A chaos spawn (Lair:5)
  Menkaure (D:6)
  A naga (Lair:2)
  2 acid dragons
  3 hell hounds (D:13)
  10 water moccasins
  A swamp drake (D:12)
  An ice beast (D:7)
  25 orc warriors
  4 black bears
  3 ogres
  6 laughing skulls
  2 sky beasts
  12 wolves
  21 centaurs
  5 phantoms
  A kobold brigand (D:8)
  3 gnoll sergeants
  14 bullfrogs
  2 earth elementals (Volcano)
  6 scorpions
  10 small abominations (Lair:5)
  4 wights (D:9)
  A hornet simulacrum (D:15)
  15 killer bees
  12 howler monkeys
  9 electric eels
  4 lava snakes (Volcano)
  4 hounds
  4 jellies
  A bombardier beetle (D:6)
  21 orc priests
  2 gnoll boudas
  3 sleepcaps
  5 iguanas
  7 hell rats (Lair:5)
  27 orc wizards
  A howler monkey zombie (D:11)
  18 adders
  23 gnolls
  A shadow imp (D:7)
  5 ufetubi
  8 dart slugs
  79 orcs
  12 ball pythons
  6 endoplasms
  9 giant cockroaches
  14 goblins
  5 hobgoblins
  3 jackals (D:4)
  13 kobolds
  5 quokkas
  3 bats (D:1)
  13 frilled lizards
  2 rats
892 creatures vanquished.

Vanquished Creatures (collateral kills)
  2 death yaks (Lair:4)
  4 orc high priests (Orc:2)
  An orc knight (Orc:2)
  A merfolk siren (Shoals:2)
  A black mamba (Lair:4)
  3 orc warriors (Orc:2)
  3 orc priests (Orc:2)
  5 orc wizards (Orc:2)
  2 orcs (Orc:2)
22 creatures vanquished.

Vanquished Creatures (others)
  An angel (D:6)
  A troll (D:13)
  A wyvern (D:7)
3 creatures vanquished.

Grand Total: 917 creatures vanquished

Notes
Turn   | Place    | Note
-------+----------+-------------------------------------------
     0 | D:1      | Crownlay the Minotaur Berserker began the quest for the
                  | Orb.
     0 | D:1      | Reached XP level 1. HP: 19/19 MP: 0/0
   117 | D:1      | Reached skill level 4 in Polearms
   134 | D:1      | Reached XP level 2. HP: 27/27 MP: 1/1
   266 | D:1      | Found Gosa's Antique Armour Boutique.
   332 | D:1      | Reached ** piety under Trog
   523 | D:1      | Reached XP level 3. HP: 27/33 MP: 2/2
   693 | D:2      | Reached skill level 5 in Polearms
   807 | D:2      | Reached XP level 4. HP: 41/41 MP: 3/3
  1393 | D:3      | Noticed an ogre
  1407 | D:3      | Reached skill level 6 in Polearms
  1411 | D:3      | Killed an ogre
  1412 | D:3      | Reached skill level 5 in Fighting
  1412 | D:3      | Reached XP level 5. HP: 48/48 MP: 4/4
  1669 | D:3      | Found a blossoming altar of Fedhas.
  1669 | D:3      | Found an ancient bone altar of Kikubaaqudgha.
  2000 | D:4      | Reached skill level 7 in Polearms
  2000 | D:4      | Reached XP level 6. HP: 33/56 MP: 5/5
  2060 | D:4      | Found a radiant altar of Vehumet.
  2629 | D:4      | Reached skill level 1 in Throwing
  3166 | D:5      | Entered Level 5 of the Dungeon
  3418 | D:5      | Noticed a water moccasin
  3430 | D:5      | Killed a water moccasin
  3431 | D:5      | Reached skill level 8 in Polearms
  3431 | D:5      | Reached XP level 7. HP: 54/63 MP: 6/6
  3554 | D:5      | Found a glowing drain.
  3558 | Sewer    | Entered a sewer
  3646 | Sewer    | Reached *** piety under Trog
  3852 | Sewer    | Reached skill level 9 in Polearms
  4676 | D:5      | Reached XP level 8. HP: 70/70 MP: 7/7
  4870 | D:5      | Reached **** piety under Trog
  4990 | D:6      | Found a shimmering altar of Xom.
  4992 | D:6      | Noticed an angel
  5004 | D:6      | Reached skill level 10 in Polearms
  5010 | D:6      | Found a glowing silver altar of Zin.
  5114 | D:6      | Reached skill level 11 in Polearms
  5130 | D:6      | Reached skill level 5 in Throwing
  5244 | D:6      | Reached XP level 9. HP: 47/75 MP: 8/8
  5304 | D:6      | Reached skill level 12 in Polearms
  5395 | D:6      | Killed an angel
  5483 | D:6      | Found Zaahoq Seuph's Antique Armour Emporium.
  5544 | D:6      | Noticed Grinder
  5561 | D:6      | Killed Grinder
  5562 | D:6      | Reached skill level 13 in Polearms
  5844 | D:6      | Noticed Menkaure
  5852 | D:6      | Killed Menkaure
  5916 | D:6      | Found Qecaism's Book Shop.
  6070 | D:7      | Found a staircase to the Ecumenical Temple.
  6128 | D:7      | Reached skill level 14 in Polearms
  6291 | D:7      | Found a glowing golden altar of the Shining One.
  6710 | D:7      | Found a basalt altar of Yredelemnul.
  6891 | D:7      | Noticed an angel
  6991 | D:8      | Reached skill level 15 in Polearms
  6991 | D:8      | Reached XP level 10. HP: 53/83 MP: 9/9
  7927 | D:9      | Noticed Harold
  7954 | D:8      | Reached skill level 1 in Shields
  8195 | D:9      | Found a sparkling altar of Nemelex Xobeh.
  8195 | D:9      | Found a broken altar of Ashenzari.
  8228 | D:9      | Reached skill level 5 in Armour
  8383 | D:9      | Killed Harold
  8411 | D:9      | Found a staircase to the Lair.
  8425 | D:9      | Reached XP level 11. HP: 60/94 MP: 10/10
  8641 | D:9      | Found Zupo's Armour Boutique.
  8973 | D:10     | Entered Level 10 of the Dungeon
  9004 | D:10     | Found a portal to a secret trove of treasure.
  9679 | D:11     | Reached skill level 16 in Polearms
  9679 | D:11     | Reached skill level 5 in Shields
 10194 | D:11     | Noticed Maurice
 10221 | D:11     | Killed Maurice
 10600 | D:11     | Reached skill level 10 in Armour
 10851 | D:11     | Reached skill level 10 in Fighting
 10946 | D:11     | Noticed a boulder beetle
 10962 | D:11     | Killed a boulder beetle
 11042 | D:11     | Reached XP level 12. HP: 80/106 MP: 11/11
 11271 | D:12     | Reached ***** piety under Trog
 11477 | D:12     | Reached skill level 10 in Shields
 12497 | D:12     | Noticed Urug
 12512 | D:12     | Killed Urug
 13230 | D:12     | Found a staircase to the Orcish Mines.
 13476 | D:13     | Noticed a catoblepas
 13491 | D:13     | Killed a catoblepas
 13532 | D:13     | Noticed a great orb of eyes
 13545 | D:13     | Noticed a two-headed ogre
 13554 | D:13     | Killed a two-headed ogre
 13557 | D:13     | Noticed a centaur warrior
 13570 | D:13     | Killed a centaur warrior
 13574 | D:13     | HP: 7/159 [centaur/arrow[a centaur warrior] (12)]
 13864 | D:13     | Noticed a centaur warrior
 13886 | D:13     | Killed a centaur warrior
 13952 | D:13     | Found Maorch's General Store.
 13954 | D:13     | Found Benn's Specific Store.
 13974 | D:13     | Noticed Azrael
 13997 | D:13     | Killed Azrael
 14567 | D:6      | Bought a faintly glowing plate armour for 924 gold pieces
 14567 | D:6      | Identified the +8 plate armour of the Leaf {*Slow +Inv
                  | Str+3 Slay+3} (You bought it in a shop on level 6 of the
                  | Dungeon)
 14830 | D:13     | Noticed a vault guard
 14834 | D:13     | Noticed a vault guard
 14836 | D:13     | Noticed a vault guard
 14836 | D:13     | Noticed a vault guard
 14840 | D:13     | Noticed a vault guard
 14843 | D:13     | Noticed a vault guard
 14846 | D:13     | Killed a vault guard
 14847 | D:13     | Reached XP level 13. HP: 113/113 MP: 12/12
 14869 | D:12     | Reached skill level 15 in Shields
 15142 | D:13     | Identified the amulet "Cazob" {-Tele rPois rN+ Regen+
                  | rCorr}
 15144 | D:13     | Noticed Skimidon's ghost (journeyman TrMo)
 15170 | D:13     | Found a transporter.
 15174 | D:13     | Found a transporter.
 15174 | D:13     | Found a one-way gate to the infinite horrors of the Abyss.
 15409 | D:13     | Found a gate to the Vaults.
 16697 | D:15     | Entered Level 15 of the Dungeon
 16702 | D:15     | Noticed a purple very ugly thing
 16715 | D:15     | Killed a purple very ugly thing
 16716 | D:15     | Reached skill level 17 in Polearms
 16968 | D:14     | Reached XP level 14. HP: 81/125 MP: 13/13
 17582 | D:15     | Found a staircase to the Depths.
 18510 | D:15     | Received a gift from Trog
 19104 | Lair:1   | Entered Level 1 of the Lair of Beasts
 20460 | Lair:2   | Reached skill level 15 in Fighting
 20492 | Lair:2   | You fall into a shaft and drop 2 floors!
 20807 | Lair:3   | Reached skill level 18 in Polearms
 21448 | Lair:3   | Noticed Kirke
 21461 | Lair:3   | Killed Kirke
 21958 | Lair:2   | Reached XP level 15. HP: 125/144 MP: 14/14
 22027 | Lair:2   | Found a staircase to the Snake Pit.
 22203 | Lair:2   | Noticed Gastronok
 22224 | Lair:2   | Killed Gastronok
 22260 | Lair:2   | Received a gift from Trog
 22747 | Lair:2   | Found a staircase to the Shoals.
 23136 | Lair:4   | Reached skill level 19 in Polearms
 23405 | Lair:4   | Noticed Nessos
 23420 | Lair:4   | Killed Nessos
 24079 | Lair:5   | Entered Level 5 of the Lair of Beasts
 24154 | Lair:5   | Reached skill level 15 in Armour
 24451 | Lair:5   | Reached skill level 20 in Polearms
 25033 | Lair:5   | Found a corrupted altar of Lugonu.
 25142 | Lair:5   | Found a runed translucent gate.
 25146 | Lair:5   | Found a runed translucent gate.
 25146 | Lair:5   | Found a runed translucent gate.
 25148 | Lair:5   | Noticed Samael12321's ghost (journeyman SpHu)
 25162 | Lair:5   | Found a viscous altar of Jiyva.
 25163 | Lair:5   | Found a staircase to the Slime Pits.
 25472 | Lair:5   | Received a gift from Trog
 25521 | Lair:5   | Reached skill level 1 in Evocations
 25792 | Lair:5   | Killed Samael12321's ghost
 26155 | Orc:1    | Entered Level 1 of the Orcish Mines
 26235 | Orc:2    | Entered Level 2 of the Orcish Mines
 26321 | Orc:2    | Found a dark tunnel.
 26329 | Volcano  | Entered a volcano
 26426 | Volcano  | Found a bloodstained altar of Trog.
 26918 | Orc:2    | Found a staircase to the Elven Halls.
 27151 | Orc:2    | Reached XP level 16. HP: 155/155 MP: 15/15
 27205 | Orc:2    | Received a gift from Trog
 27723 | Orc:2    | Found Dypnoer's Antique Armour Boutique.
 27724 | Orc:2    | Found Jovaige's Antique Weapon Shop.
 27726 | Orc:2    | Found Yshrutt's General Store.
 27726 | Orc:2    | Found Veny's Book Boutique.
 28530 | Shoals:1 | Entered Level 1 of the Shoals
 29769 | Shoals:2 | Received a gift from Trog
 30276 | Shoals:2 | Reached skill level 5 in Evocations
 30661 | Shoals:2 | Identified the +0 pair of gloves "Rismytza" {Str+3}
 31370 | Shoals:3 | Noticed Polyphemus
 31414 | Shoals:3 | Killed Polyphemus
 31666 | Shoals:3 | Found Omaom's Armour Boutique.
 32143 | Shoals:4 | Entered Level 4 of the Shoals
 32156 | Shoals:4 | Reached XP level 17. HP: 168/168 MP: 16/16
 32477 | Shoals:4 | HP: 6/168 [drowned by a water nymph (10)]
 32477 | Shoals:4 | Slain by a merfolk impaler

Illustrated notes

Levels and vault maps discovered:
D:1:      mrwooster_arrival_arrow, layout_rooms, serial_shops, shop,
          serial_corexii_hall, chequers_hall_statues_wall_a,
          corexii_hall_statues_t, chequers_hall_statues_y
D:2:      layout_rooms
D:3:      layout_loops_ring, grunt_temple_overflow_growth_and_decay,
          minmay_ogre_servants
D:4:      layout_layer_cave, vehumet_crystals
D:5:      layout_basic, mainiacjoe_sewer_entry_somewhere_in_here_2
D:6:      minmay_razor_zed, layout_basic,
          grunt_temple_overflow_order_and_chaos_1, serial_shops,
          nicolae_diamond_shop, nicolae_shop_window_shopping, uniq_menkaure,
          uniq_grinder
D:7:      layout_rooms, grunt_temple_overflow_holy_war,
          minmay_temple_entry_offerings, hangedman_abyss_or_decor_slice,
          nicolae_grassy_gnolls
D:8:      layout_basic
D:9:      layout_cross, nicolae_overflow_two_pavilions, lair_entry_dummy,
          enter_bailey_7, serial_shops, kennysheep_mini_moat, uniq_harold
D:10:     layout_gridville, nicolae_trove_entry_diagonal
D:11:     minmay_general_purpose_star, layout_rooms, serial_undead,
          serial_undead_c, serial_undead_f, serial_undead_d, serial_undead_d,
          uniq_maurice
D:12:     layout_stronghold, erik_orc_1, serial_bayou, serial_bayou_crossing,
          serial_bayou_pond_b, serial_bayou_shore_b, serial_bayou_lagoon_a,
          uniq_urug
D:13:     layout_roguey, erik_vaults_2, gammafunk_ghost_abyssal_escape,
          nicolae_specific_store, minmay_fractal_squares_gapless_5, uniq_azrael
D:14:     layout_gridville, bh_walls_and_bars
D:15:     hangedman_depths_entry_try_elsewhere_first, layout_basic,
          lightli_minifort
Lair:1:   layout_layer_cave
Lair:2:   layout_cave_pods, elwin_shoals_entry_rocks,
          guppyfry_snake_entry_island, uniq_gastronok
Lair:3:   layout_gridlike, uniq_kirke
Lair:4:   layout_regular_city, portal_ice_cave_entry_pillars_2,
          serial_bayou_pond_a, uniq_nessos
Lair:5:   hellmonk_lair_end_abyssal_woods, layout_long_grid, slime_entry_1,
          gammafunk_ghost_hydra_chop, wad_woods_road_04
Shoals:1: cheibrodos_shoals_baths, layout_shoals
Shoals:2: layout_shoals
Shoals:3: layout_shoals, serial_shops, shop, uniq_polyphemus
Shoals:4: shoals_end_simple, layout_shoals, gammafunk_ghost_berserking_beasts,
          uniq_bai_suzhen
Orc:1:    layout_caves, basic_altar, bh_open_orc_temple
Orc:2:    st_orc_congregation, layout_diamond_mine,
          lightli_volcano_entry_magma_tube, mines2_david

Skill      XL: |  1  2  3  4  5  6  7  8  9 10 11 12 13 14 15 16 17 |
---------------+----------------------------------------------------+-----
Polearms       | 4 5 6 7 8 9 11 15 16 17 18 20 | 20.0
Fighting       | 4 5 6 8 10 13 16 17 19 | 19.6
Throwing       | 2 3 5 6 7 9 |  9.5
Armour         | 7 10 11 13 15 | 15.5
Shields        | 4 8 14 15 | 15.0
Evocations     | 2 5 6 |  6.0
Dodging        | |  2.1

Action                     |  1- 3 |  4- 6 |  7- 9 | 10-12 | 13-15 | 16-18 || total
---------------------------+-------+-------+-------+-------+-------+-------++-------
  Melee: Spear             |    94 |   138 |   483 |   847 |  1908 |   275 ||  3745
         Headbutt          |     6 |    15 |    73 |   189 |   492 |   105 ||   880
         Punch             |       |       |     5 |    14 |       |       ||    19
         Trident           |       |       |       |       |       |   411 ||   411
  Throw: Boomerang         |     3 |    39 |    14 |     8 |    38 |    80 ||   182
         Throwing net      |       |       |       |     2 |       |       ||     2
         Javelin           |       |       |       |       |       |     4 ||     4
 Invoke: Berserk           |       |       |     4 |    14 |    12 |     4 ||    34
         Trog's Hand       |       |       |     4 |     9 |    10 |     7 ||    30
         Brothers in Arms  |       |       |       |     1 |     1 |     5 ||     7
  Evoke: Wand              |       |       |       |     4 |     2 |       ||     6
         Lightning rod     |       |       |       |       |       |     3 ||     3
    Use: Scroll            |       |       |       |    12 |     9 |     1 ||    22
         Potion            |       |       |       |     2 |       |     4 ||     6
   Stab: Sleeping          |     1 |       |       |       |       |       ||     1
         Distracted        |       |       |       |       |       |     1 ||     1
 Armour: Animal skin       |    38 |    53 |       |       |       |       ||    91
         Ring mail         |       |     6 |    61 |       |       |       ||    67
         Scale mail        |       |       |   153 |   561 |       |       ||   714
         Plate armour      |       |       |       |     3 |   806 |   419 ||  1228
  Dodge: Dodged            |    39 |    56 |   146 |   263 |   286 |   171 ||   961
  Block: Kite shield       |       |       |       |     1 |   703 |   343 ||  1047
